 Dungeon Crawl Stone Soup version 0.31-a0-233-g139696dc86 (webtiles) character file.

Game seed: 17553270692406686578

608 qw the Shooter (level 7, -1/59 HPs)
             Began as a Minotaur Hexslinger on July 9, 2023.
             Was an Initiate of Okawaru.
             Slain by a two-headed ogre
             ... wielding a +0 giant spiked club
              (19 damage)
             ... on level 5 of the Dungeon.
             The game lasted 00:01:28 (4157 turns).

qw the Shooter (Minotaur Hexslinger)                Turns: 4157, Time: 00:01:28

Health: -1/59      AC:  5    Str: 13    XL:     7   Next: 19%
Magic:  7/7        EV: 11    Int: 10    God:    Okawaru [......]
Gold:   108        SH:  0    Dex: 14    Spells: 7/8 levels left

rFire   . . .        Y - +0 shortbow
rCold   . . .        (shield currently unavailable)
rNeg    . . .        e - +0 ring mail
rPois   .            (helmet restricted)
rElec   .            (no cloak)
rCorr   .            (no gloves)
SInv    .            (no boots)
Will    .....        b - amulet of the acrobat
Stlth   +            (no ring)
HPRegen 0.29/turn    (no ring)
MPRegen 0.10/turn

%: acrobat
@: no status effects
A: horns 2, retaliatory headbutt
a: Renounce Religion


You were on level 5 of the Dungeon.
You worshipped Okawaru.
Okawaru was noncommittal.
You visited 2 branches of the dungeon, and saw 6 of its levels.

You collected 264 gold pieces.
You spent 156 gold pieces at shops.


Innate Abilities, Weirdness & Mutations

You have a pair of horns on your head.
You reflexively headbutt those who attack you in melee.


   Skills:
 - Level 4.0 Fighting
 + Level 7.9 Ranged Weapons
 - Level 1.1 Armour
 - Level 2.1 Dodging
 - Level 1.0 Spellcasting
 - Level 2.0 Hexes


You had 7 spell levels left.
You knew the following spells:

 Your Spells              Type           Power      Damage    Failure   Level
a - Slow                  Hex            16%        N/A       32%         1

Your spell library contained the following spells:

 Spells                   Type           Power      Damage    Failure   Level
 Inner Flame              Hex/Fire       2%         N/A       82%         3
 Portal Projectile        Hex/Tloc       4%         N/A       82%         3
 Cause Fear               Hex            2%         N/A       97%         4

Inventory:

Hand Weapons
 Y - a +0 shortbow (weapon)
Armour
 e - a +0 ring mail (worn)
Jewellery
 b - an amulet of the acrobat (around neck)
Scrolls
 a - 3 scrolls of teleportation
 c - 2 scrolls of amnesia {unknown}
 m - a scroll of enchant armour
Potions
 d - a potion of might
 f - a potion of brilliance {unknown}
 g - a potion of attraction {unknown}
 h - a potion of heal wounds
 i - 2 potions of curing
 k - 2 potions of resistance {unknown}
 l - a potion of enlightenment

Dungeon Overview and Level Annotations

Branches:
Dungeon (5/15)             Temple (1/1) D:4

Altars:
Ashenzari
Cheibriados
Dithmenos
Elyvilon
Fedhas
Hepliaklqana
Kikubaaqudgha
Makhleb
Nemelex Xobeh
Okawaru
Qazlal
Ru
Sif Muna
Uskayaw
Wu Jian
Xom
Yredelemnul
Zin
The Shining One

Shops:
D:3 !   D:4 =


Message History

Found 4 boomerangs.
Enter note:
Enter note:
Enter note:
Enter note: A two-headed ogre comes into view.
It is wielding a +0 giant spiked club and a +0 dire flail.
The two-headed ogre shouts in stereo!
Enter note:
Enter note:
Enter note:
Enter note:
Enter note:
Enter note: You shoot an arrow.
The arrow hits the two-headed ogre but does no damage.
You shoot an arrow. The arrow hits the two-headed ogre!
The two-headed ogre is lightly wounded.
You shoot an arrow.
The arrow closely misses the two-headed ogre.
The two-headed ogre hits you with a +0 giant spiked club!!
The two-headed ogre misses you.
You shoot an arrow.
The arrow closely misses the two-headed ogre.
The two-headed ogre barely misses you.
The two-headed ogre hits you but does no damage.
You shoot an arrow.
The arrow hits the two-headed ogre but does no damage.
The two-headed ogre is lightly wounded.
You shoot an arrow. The arrow hits the two-headed ogre.
The two-headed ogre is lightly wounded.
The two-headed ogre hits you with a +0 giant spiked club!!
The two-headed ogre barely misses you.
You shoot an arrow.
The arrow hits the two-headed ogre but does no damage.
The two-headed ogre is lightly wounded.
The two-headed ogre closely misses you. x2
You shoot an arrow. The arrow hits the two-headed ogre!
The two-headed ogre is moderately wounded.
The two-headed ogre hits you with a +0 giant spiked club!!
You die...

####.<.#..###..##
................#####
.....................
#####..#..###..######
#..#..# #..######..
#.....###..........
#..#........#####..
#..#..###...#####
#.....# #...@...#
#..##O### #..# .#
#... .. .... ... .#.#
.### ###. .. ## .#


You could see a two-headed ogre.

Vanquished Creatures
  Sigmund (D:2)
  A phantom (D:5)
  A scorpion (D:5)
  A howler monkey (D:5)
  A jelly (D:4)
  Natasha (D:3)
  An iguana (D:5)
  Robin (D:2)
  3 gnolls (D:2)
  5 adders
  A shadow imp (D:4)
  A white imp (D:5)
  A worm (D:4)
  2 dart slugs
  6 orcs
  4 ball pythons
  6 endoplasms
  2 giant cockroaches
  15 goblins
  9 hobgoblins
  7 jackals
  7 kobolds
  3 quokkas
  4 bats
  6 frilled lizards
  6 rats
96 creatures vanquished.

Notes
Turn   | Place    | Note
-------+----------+-------------------------------------------
     0 | D:1      | qw the Minotaur Hexslinger began the quest for the Orb.
     0 | D:1      | Reached XP level 1. HP: 16/16 MP: 1/1
     0 | D:1      | 0 ||| qw: Version: 0.3-a-51-g015441d
     0 | D:1      | 0 ||| qw: Game counter: 3917
     0 | D:1      | 0 ||| qw: Melee chars always use a shield: true
     0 | D:1      | 0 ||| qw: God list: Okawaru
     0 | D:1      | 0 ||| qw: Allow faded altars: false
     0 | D:1      | 0 ||| qw: Do Orc after clearing Dungeon:15 true
     0 | D:1      | 0 ||| qw: Do second Lair branch before Depths: true
     0 | D:1      | 0 ||| qw: Lair rune preference: random
     0 | D:1      | 0 ||| qw: Goals: Normal
     0 | D:1      | 0 ||| PLANNING D:1-11
    75 | D:1      | Reached skill level 3 in Ranged Weapons
    92 | D:1      | Reached XP level 2. HP: 23/23 MP: 2/2
   562 | D:1      | Reached XP level 3. HP: 29/29 MP: 3/3
   728 | D:1      | 728 ||| READING 2 scrolls labelled PASTOR UNIELIC.
   732 | D:1      | 732 ||| READING scroll labelled ERURAOLIGA.
   833 | D:1      | 833 ||| READING scroll labelled ROTRIEMIKE.
   834 | D:1      | 834 ||| DROPPING scroll of poison.
   879 | D:2      | Found an ancient bone altar of Kikubaaqudgha.
   898 | D:2      | Noticed Sigmund
   908 | D:2      | HP: 6/29 [something/magic dart (7)]
   909 | D:2      | Killed Sigmund
   910 | D:2      | Reached skill level 6 in Ranged Weapons
   910 | D:2      | Reached XP level 4. HP: 7/36 MP: 4/4
   910 | D:2      | Reached XP level 5. HP: 9/41 MP: 5/5
  1161 | D:2      | 1161 ||| SWAPPING to +1 sling of electrocution.
  1162 | D:2      | 1162 ||| DROPPING +1 sling.
  1624 | D:2      | Reached skill level 3 in Fighting
  1628 | D:2      | Noticed Robin
  1633 | D:2      | Killed Robin
  1650 | D:2      | Found a faded altar of an unknown god.
  1741 | D:2      | 1741 ||| UPGRADING to +0 ring mail.
  1751 | D:2      | 1751 ||| DROPPING +0 robe.
  1752 | D:2      | 1752 ||| UPGRADING to amulet of the acrobat.
  1757 | D:2      | 1757 ||| READING scroll labelled HEDOETA FUBRIU.
  1781 | D:3      | Found a broken altar of Ashenzari.
  1791 | D:3      | Identified the +9 dagger "Onaato" {flame, +Blink}
  1830 | D:3      | Identified the +6 falchion "Query" {venom, *Slow +Blink Fly
                  | rElec}
  1907 | D:3      | Found an ancient bone altar of Kikubaaqudgha.
  2031 | D:3      | Reached skill level 1 in Armour
  2034 | D:3      | Reached XP level 6. HP: 27/51 MP: 6/6
  2197 | D:3      | Noticed Natasha
  2198 | D:3      | Killed Natasha
  2340 | D:3      | Found Eguhiop's Distillery.
  2360 | D:3      | 2360 ||| BUYING potion of curing (36 gold).
  2360 | D:3      | Bought a potion of curing for 36 gold pieces
  2360 | D:3      | 2360 ||| BUYING potion of enlightenment (60 gold).
  2360 | D:3      | Bought a potion of enlightenment for 60 gold pieces
  2360 | D:3      | 2360 ||| BUYING potion of heal wounds (60 gold).
  2360 | D:3      | Bought a potion of heal wounds for 60 gold pieces
  2360 | D:3      | 2360 ||| SHOPLISTING potion of heal wounds (60 gold, have
                  | 46).
  2435 | D:3      | 2435 ||| DROPPING ring of flight.
  2436 | D:3      | 2436 ||| READING scroll labelled PEONIUL COIRALE.
  2606 | D:4      | 2606 ||| SWAPPING to +0 shortbow.
  2610 | D:4      | 2610 ||| DROPPING +1 sling of electrocution.
  2859 | D:4      | Found a staircase to the Ecumenical Temple.
  2860 | D:4      | 2860 ||| PLANNING TEMPLE
  2860 | D:4      | 2860 ||| DRINKING 2 brown potions.
  2868 | Temple   | Entered the Ecumenical Temple
  2972 | Temple   | 2972 ||| PLANNING OKAWARU WORSHIP
  3005 | Temple   | Became a worshipper of Warmaster Okawaru
  3006 | Temple   | 3006 ||| PLANNING D:1-11
  3098 | D:4      | HP: 12/52 [acid (6)]
  3099 | D:4      | 3099 ||| READING 4 scrolls of teleportation.
  3100 | D:4      | 3100 ||| DRINKING 2 potions of heal wounds.
  3394 | D:4      | Found Ewkeostre's Jewellery Boutique.
  3404 | D:4      | 3404 ||| SHOPLISTING +4 ring of protection (360 gold, have
                  | 75).
  3404 | D:4      | 3404 ||| SHOPLISTING amulet of reflection (300 gold, have
                  | 75).
  3404 | D:4      | 3404 ||| SHOPLISTING ring of ice (250 gold, have 75).
  3404 | D:4      | 3404 ||| SHOPLISTING ring of resist corrosion (200 gold,
                  | have 75).
  3404 | D:4      | 3404 ||| SHOPLISTING ring of willpower (250 gold, have 75).
  3669 | D:4      | 3669 ||| READING scroll labelled DAMEOM KIAF.
  3687 | D:5      | Entered Level 5 of the Dungeon
  3694 | D:5      | Reached skill level 7 in Ranged Weapons
  3714 | D:5      | Reached XP level 7. HP: 46/59 MP: 7/7
  3806 | D:5      | 3806 ||| FLEEEEING.
  4149 | D:5      | Noticed a two-headed ogre
  4157 | D:5      | Slain by a two-headed ogre

Levels and vault maps discovered:
D:1:      dpeg_arrival_arbitrary_a, layout_loops_ring
D:2:      layout_loops_ring, chequers_ecumenical_altar_simple, basic_altar,
          minmay_strange_pillars, uniq_robin, uniq_sigmund
D:3:      layout_loops_cross, ashenzari_altar_1, mainiacjoe_overflow_alcove_2,
          serial_shops, nicolae_shop_pleasant_corner_grove, uniq_natasha
D:4:      layout_basic, minmay_temple_entry_tees, serial_shops,
          nicolae_shop_waterfront
D:5:      layout_basic, minmay_ruined_shrine
Temple:   minmay_crystal_spiral_temple

Skill      XL: |  1  2  3  4  5  6 |
---------------+-------------------+-----
Ranged Weapons | 3 6 7 |  7.9
Fighting       | 2 3 4 |  4.0
Armour         | 1 |  1.1
Dodging        | |  2.1
Spellcasting   | |  1.0
Hexes          | |  2.0

Action                     |  1- 3 |  4- 6 |  7- 9 || total
---------------------------+-------+-------+-------++-------
   Fire: Sling             |    86 |   105 |       ||   191
         Shortbow          |       |    82 |    47 ||   129
    Use: Scroll            |     3 |     4 |       ||     7
         Potion            |       |     2 |       ||     2
 Armour: Robe              |     4 |       |       ||     4
         Ring mail         |       |    27 |     3 ||    30
  Dodge: Dodged            |    27 |    51 |    17 ||    95

Table legend:
 A = Non-vault XP
 B = Vault XP
 C = Vault XP percentage of total XP
 D = Non-vault monster count
 E = Vault monster count
 F = Vault count percentage of total count
                 A         B        C        D         E       F
            +---------+---------+-------+---------+---------+-------
      Total |     582 |     287 |  33.0 |      82 |      14 |  14.6
            +---------+---------+-------+---------+---------+-------
        D:1 |      45 |       0 |   0.0 |      26 |       0 |   0.0
        D:2 |      49 |     251 |  83.7 |       8 |      13 |  61.9
        D:3 |      61 |      36 |  37.1 |      23 |       1 |   4.2
        D:4 |     122 |       0 |   0.0 |      16 |       0 |   0.0
        D:5 |     305 |       0 |   0.0 |       9 |       0 |   0.0
            +---------+---------+-------+---------+---------+-------
